 Dungeon Crawl Stone Soup version 0.31-a0-188-g5e087ee2ca (webtiles) character file.

Game seed: 14220894979864407689

60 qw the Shooter (level 3, -1/20 HPs)
             Began as a Deep Elf Hunter on June 23, 2023.
             Slain by Robin
             ... wielding a +0 spear
              (5 damage)
             ... on level 2 of the Dungeon.
             The game lasted 00:00:20 (1111 turns).

qw the Shooter (Deep Elf Hunter)                    Turns: 1111, Time: 00:00:21

Health: -1/20      AC:  5    Str: 10    XL:     3   Next: 80%
Magic:  5/5        EV: 12    Int: 13    God:
Gold:   57         SH:  0    Dex: 18    Spells: 2/2 levels left

rFire   + . .        Y - +0 shortbow
rCold   . . .        (shield currently unavailable)
rNeg    . . .        c - +0 leather armour
rPois   .            (no helmet)
rElec   .            (no cloak)
rCorr   .            j - +0 pair of gloves
SInv    .            d - +0 pair of boots {Stlth+}
Will    .....        (no amulet)
Stlth   +++          h - ring of protection from fire
HPRegen 0.23/turn    (no ring)
MPRegen 0.09/turn

%: no passive effects
@: about to teleport
A: no striking features
a: no special abilities


You were on level 2 of the Dungeon.
You visited 1 branch of the dungeon, and saw 2 of its levels.

You collected 57 gold pieces.


   Skills:
 - Level 1.5 Fighting
 + Level 7.3 Ranged Weapons
 - Level 2.4 Dodging
 - Level 1.2 Stealth


You had 2 spell levels left.
You didn't know any spells.
Your spell library was empty.

Inventory:

Hand Weapons
 Y - a +0 shortbow (weapon)
Armour
 c - a +0 leather armour (worn)
 d - a +0 pair of boots of stealth (worn)
 j - a +0 pair of gloves (worn)
Jewellery
 h - a ring of protection from fire (left hand)
Potions
 b - a potion of resistance {unknown}
 e - a potion of ambrosia {unknown}
 f - a potion of brilliance {unknown}
 g - a potion of curing {unknown}

Dungeon Overview and Level Annotations

Branches:
Dungeon (2/15)

Altars:

Annotations:
D:2 Robin


Message History

You shoot an arrow. The arrow hits the goblin!
You kill the goblin!
You hear a shout! x2
A goblin comes into view. It is wielding a +0 dagger. x2
You shoot an arrow. The arrow hits the goblin!
You kill the goblin!
You shoot an arrow. The arrow closely misses the goblin.
You shoot an arrow. The arrow hits the goblin!
You kill the goblin!
Robin of the Strong Arm comes into view.
They are wielding a +0 spear.
A goblin comes into view. It is wielding a +0 club.
You shoot an arrow. The arrow hits the goblin!
You kill the goblin!
A hobgoblin comes into view.
You shoot an arrow. The arrow completely misses the goblin.
You shoot an arrow. The arrow closely misses the goblin.
You hear a shout!
Robin roars a battlecry!
The goblins go into a battle-frenzy!
A goblin comes into view. It is wielding a +0 club.
You shoot an arrow. The arrow closely misses the goblin. x2
A goblin comes into view. It is wielding a +0 club.
A hobgoblin comes into view.
You shoot an arrow. The arrow closely misses the goblin.
Robin throws the goblin at you! The goblin barely misses you.
You shoot an arrow. The arrow misses the goblin.
Robin hits you from afar with a +0 spear.
The goblin hits you with a +0 club. The goblin hits you with a +0 dagger.
You shoot an arrow. The arrow hits the goblin.
You kill the goblin!
The goblin hits you with a +0 club.
Robin hits you from afar with a +0 spear.
1110 ||| READING scroll of teleportation.
As you read the scroll of teleportation, it crumbles to dust.
You feel strangely unstable. Robin throws the goblin at you!
The goblin barely misses you.
You shoot an arrow. The arrow closely misses the goblin.
The goblin barely misses you.
Robin hits you from afar with a +0 spear.
You die... ... .) .) ##g #gg

##g#####
#...<..#
#g@.##.# ###g).#
# ..$...#
#...####
######...##
######.?.......#
#..........>...#
#.###.......##.#
#...#.....#.#


You could see Robin, 2 hobgoblins and 3 goblins.

Vanquished Creatures
  Jessica (D:2)
  A bat (D:1)
  An endoplasm (D:2)
  9 goblins
  3 hobgoblins
  3 quokkas
  6 ball pythons
  A frilled lizard (D:1)
  2 kobolds
  3 rats
30 creatures vanquished.

Notes
Turn   | Place    | Note
-------+----------+-------------------------------------------
     0 | D:1      | qw the Deep Elf Hunter began the quest for the Orb.
     0 | D:1      | Reached XP level 1. HP: 12/12 MP: 3/3
     0 | D:1      | 0 ||| qw: Version: 0.3-a-9-g12657ce
     0 | D:1      | 0 ||| qw: Game counter: 3426
     0 | D:1      | 0 ||| qw: Always use a shield: true
     0 | D:1      | 0 ||| qw: God list: Okawaru
     0 | D:1      | 0 ||| qw: Allow faded altars: false
     0 | D:1      | 0 ||| qw: Do Orc after D:15 true
     0 | D:1      | 0 ||| qw: Do second Lair branch before Depths: true
     0 | D:1      | 0 ||| qw: Lair rune preference: random
     0 | D:1      | 0 ||| qw: Plans: Normal
     0 | D:1      | 0 ||| PLANNING D:1-11
   288 | D:1      | Reached XP level 2. HP: 16/16 MP: 4/4
   300 | D:1      | Reached skill level 6 in Ranged Weapons
   622 | D:1      | You fall into a shaft and drop 1 floor!
   747 | D:2      | Noticed Jessica
   751 | D:2      | Killed Jessica
   752 | D:2      | Reached skill level 7 in Ranged Weapons
   752 | D:2      | Reached XP level 3. HP: 19/20 MP: 5/5
   899 | D:2      | 899 ||| UPGRADING to +0 pair of gloves.
   904 | D:2      | 904 ||| DROPPING ring of wizardry.
   905 | D:2      | 905 ||| READING 2 scrolls labelled IMISOU ONTAGO.
   910 | D:2      | 910 ||| READING scroll labelled YPRADENEMN.
   911 | D:2      | 911 ||| READING 2 scrolls labelled YHOW ILOIDYP.
   911 | D:2      | Identified 2 scrolls of acquirement
   911 | D:2      | 911 ||| ACQUIRING +0 pair of boots of stealth
   911 | D:2      | Acquired a +0 pair of boots of stealth
   913 | D:2      | 913 ||| UPGRADING to +0 pair of boots of stealth.
   918 | D:2      | 918 ||| READING scroll of acquirement.
   918 | D:2      | 918 ||| ACQUIRING ring of protection from fire
   918 | D:2      | Acquired a ring of protection from fire
   920 | D:2      | 920 ||| UPGRADING to ring of protection from fire.
   921 | D:2      | 921 ||| DROPPING scroll of butterflies.
  1102 | D:2      | Noticed Robin
  1109 | D:2      | HP: 4/20 [Robin/+0 spear (4)]
  1110 | D:2      | 1110 ||| READING scroll of teleportation.
  1111 | D:2      | Slain by Robin

Levels and vault maps discovered:
D:1:      spicycebolla_arrival_ecumenical, layout_basic
D:2:      minmay_razor_zed, layout_basic, uniq_natasha, uniq_jessica, uniq_robin

Skill      XL: |  1  2 |
---------------+-------+-----
Ranged Weapons | 7 |  7.3
Fighting       | |  1.5
Dodging        | |  2.4
Stealth        | |  1.2

Action                     || total
---------------------------++-------
   Fire: Shortbow          ||    83
    Use: Scroll            ||     5
 Armour: Leather armour    ||     4
  Dodge: Dodged            ||    13

Table legend:
 A = Non-vault XP
 B = Vault XP
 C = Vault XP percentage of total XP
 D = Non-vault monster count
 E = Vault monster count
 F = Vault count percentage of total count
                 A         B        C        D         E       F
            +---------+---------+-------+---------+---------+-------
      Total |      39 |      47 |  54.7 |      24 |       6 |  20.0
            +---------+---------+-------+---------+---------+-------
        D:1 |      23 |       0 |   0.0 |      15 |       0 |   0.0
        D:2 |      16 |      47 |  74.6 |       9 |       6 |  40.0
            +---------+---------+-------+---------+---------+-------
